 Dungeon Crawl Stone Soup version 0.20-a0-967-g62cfa5d (webtiles) character file.

3971 nubinia the Zephyrmancer (level 10, -3/53 HPs)
             Began as a Tengu Air Elementalist on Apr 7, 2017.
             Was a Follower of Ashenzari.
             Slain by an eight-headed hydra (7 damage)
             ... on level 1 of the Lair of Beasts.
             The game lasted 00:55:33 (12233 turns).

nubinia the Zephyrmancer (Tengu Air Elementalist)  Turns: 12233, Time: 00:55:35

Health: -3/53      AC:  6    Str:  9    XL:     10   Next: 22%
Magic:  0/23       EV: 16    Int: 19    God:    Ashenzari [*.....]
Gold:   362        SH:  3    Dex: 16    Spells: 15/25 levels left

rFire    . . .     SeeInvis .   d - +1 mace (curse)
rCold    + + .     Gourm    .   y - +0 buckler (curse)
rNeg     + . .     Faith    .   a - +1 robe
rPois    .         Spirit   .   (helmet restricted)
rElec    .         Reflect  .   q - +1 cloak
rCorr    .         Harm     .   f - +0 pair of gloves
MR       .....                  (boots unavailable)
Stlth    +++.......             (no amulet)
Regen    0.2/turn               u - ring of protection from cold (curse)
MPRegen  0.2/turn               E - ring of positive energy (curse)

@: flying quickly and evasively (expiring), quick
A: beak, talons 3, agile 1, cold resistance 1, MP-powered wands, able to fly 1
a: Curse Item, Scrying, Renounce Religion


You were on level 1 of the Lair of Beasts.
You worshipped Ashenzari.
Ashenzari was aware of your devotion.
You were not hungry.

You visited 3 branches of the dungeon, and saw 10 of its levels.
You also visited: Sewer and Ossuary.

You collected 569 gold pieces.
You spent 207 gold pieces at shops.

Inventory:

Hand Weapons
 d - a cursed +1 mace (weapon)
Armour
 a - a +1 robe (worn)
 f - a +0 pair of gloves (worn)
 q - a +1 cloak (worn)
 y - a cursed +0 buckler (worn)
Jewellery
 u - a cursed ring of protection from cold (left hand)
 E - a cursed ring of positive energy (right hand)
Wands
 g - a wand of iceblast (7/15)
 m - a wand of polymorph (14/24)
 J - a wand of polymorph (11/24)
Scrolls
 e - 5 scrolls of enchant armour
 i - 4 scrolls of immolation
 p - 4 scrolls of teleportation
 s - 3 scrolls of enchant weapon
 B - a scroll of recharging {unknown}
 D - a scroll of blinking
 F - a scroll of amnesia {unknown}
Potions
 h - 4 potions of degeneration
 j - a potion of lignification
 k - a potion of agility
 l - a potion of berserk rage
 n - 2 potions of haste
 o - 5 potions of flight
 r - a potion of ambrosia
 v - a potion of might {unknown}
 w - 6 potions of curing
 x - a potion of heal wounds
 z - a potion of mutation
 A - a potion of resistance
 C - a potion of invisibility
Books
 b - a book of Air

   Spells                             Type                      Level
   a - Shock                          Conjuration/Air              1
   b - Swiftness                      Charms/Air                   2
   c - Static Discharge               Conjuration/Air              3
   d - Airstrike                      Air                          4
   e - Lightning Bolt                 Conjuration/Air              5
 t - a book of the Earth

   Spells                             Type                      Level
   a - Leda's Liquefaction            Hexes/Earth                  4
   b - Bolt of Magma                  Conjuration/Fire/Earth       5
   c - Statue Form                    Transmutation/Earth          6
   d - Iron Shot                      Conjuration/Earth            6
   e - Shatter                        Earth                        9
 I - a Fen Folio

   Spells                             Type                      Level
   a - Corpse Rot                     Necromancy                   2
   b - Stone Arrow                    Conjuration/Earth            3
   c - Leda's Liquefaction            Hexes/Earth                  4
   d - Summon Forest                  Summoning/Translocation      5
   e - Hydra Form                     Transmutation                6
   f - Summon Hydra                   Summoning                    7
Comestibles
 c - 2 bread rations
 G - 4 chunks of flesh
 H - a royal jelly


   Skills:
 + Level 2.0 Fighting
 + Level 4.1 Maces & Flails
 + Level 4.0 Dodging
 + Level 3.7 Stealth
 + Level 8.1 Spellcasting
 + Level 6.3 Conjurations
 + Level 11.6 Air Magic


You had 15 spell levels left.
You knew the following spells:

 Your Spells              Type           Power        Failure   Level  Hunger
a - Shock                 Conj/Air       ####         1%          1    None
b - Airstrike             Air            ######....   1%          4    ###....
c - Static Discharge      Conj/Air       #####...     1%          3    None
s - Swiftness             Chrm/Air       ####....     2%          2    None


Dungeon Overview and Level Annotations

Branches:
Dungeon (8/15)             Temple (1/1) D:7            Lair (1/6) D:8

Altars:
Ashenzari
Cheibriados
Dithmenos
Elyvilon
Fedhas
Gozag
Hepliaklqana
Kikubaaqudgha
Makhleb
Nemelex Xobeh
Okawaru
Qazlal
Ru
Sif Muna
Trog
Uskayaw
Vehumet
Wu Jian
Xom
Yredelemnul
Zin
The Shining One

Shops:
D:6 *

Annotations:
D:6 Dowan


Innate Abilities, Weirdness & Mutations

You have a beak for a mouth.
You have claws for feet.
You can fly.
You are agile. (Dex +2)
Your flesh is cold resistant. (rC+)
You expend magic power (3 MP) to strengthen your wands.


Message History

You hit the eight-headed hydra. You claw the eight-headed hydra.
The eight-headed hydra is almost dead.
The eight-headed hydra bites you.
The eight-headed hydra closely misses you.
The eight-headed hydra bites you but does no damage.
The eight-headed hydra bites you.
You block the eight-headed hydra's attack.
The eight-headed hydra bites you!
You block the eight-headed hydra's attack.
The eight-headed hydra bites you!
The eight-headed hydra barely misses you.
The eight-headed hydra bites you!
* * * LOW HITPOINT WARNING * * *
The eight-headed hydra bites you!
* * * LOW HITPOINT WARNING * * *
The eight-headed hydra bites you.
* * * LOW HITPOINT WARNING * * *
The eight-headed hydra bites you but does no damage.
The eight-headed hydra misses you. The eight-headed hydra bites you!
You die...

##......# #.......##
##.......# ## #......##
+#. .## ##...P## ##..
...## ##..###
###.####..P# #.....#
##..........#
+.....#####.+.........##
#....FD@..[...........P#
#....)##..##..........P#
#.....######...........#
#.....# ##.........##
#.....# ##.........#
###+#.# #..........# #
### ###+##.#.### ###.
#..รท#### #.#.#######
###.##


You could see an eight-headed hydra and a bullfrog.

Vanquished Creatures
  The ghost of anet the Magician, a novice DEWz of Ashenzari (D:6)
  A hippogriff (Lair:1)
  The ghost of anet the Magician, an amateur DEWz (D:4)
  Duvessa (D:6)
  A porcupine (Lair:1)
  2 orc warriors
  An ice beast (D:7)
  3 ogres
  A necrophage (D:6)
  A centaur (D:4)
  A crocodile (D:8)
  2 bullfrogs
  A scorpion (D:3)
  3 wights
  4 howler monkeys
  10 crimson imps
  4 jellies
  3 human zombies (Ossuary)
  A centaur zombie (Ossuary)
  2 bullfrog skeletons
  5 hounds
  5 orc priests
  Jessica (D:3)
  Natasha (thrice) (D:3)
  Terence (D:3)
  An iguana (D:5)
  4 orc wizards
  2 merfolk sirens (Sewer)
  A merfolk avatar (Sewer)
  7 worker ants
  A hound skeleton (D:7)
  A hound zombie (D:8)
  6 mummies (Ossuary)
  Robin (D:3)
  2 worker ant zombies
  12 adders
  2 river rats
  A shadow imp (D:5)
  An ooze (D:4)
  4 worms
  An adder skeleton (D:6)
  2 dart slugs
  5 leopard geckos
  14 orcs
  4 giant cockroaches
  17 goblins
  11 hobgoblins
  18 jackals
  4 kobolds
  6 quokkas
  8 ball pythons (Sewer)
  5 bats
  5 frilled lizards
  A goblin zombie (Ossuary)
  A jackal zombie (D:5)
  2 kobold zombies (Ossuary)
  An orc zombie (Ossuary)
  A quokka skeleton (D:4)
  33 rats
244 creatures vanquished.

Notes
Turn   | Place    | Note
-------+----------+-------------------------------------------
     0 | D:1      | nubinia the Tengu Air Elementalist began the quest for the Orb.
     0 | D:1      | Reached XP level 1. HP: 10/10 MP: 4/4
   255 | D:1      | Reached XP level 2. HP: 15/15 MP: 4/6
   259 | D:1      | Learned a level 2 spell: Swiftness
   846 | D:2      | Reached XP level 3. HP: 19/19 MP: 0/7
  1189 | D:2      | Learned a level 3 spell: Static Discharge
  1290 | D:2      | Reached skill level 5 in Air Magic
  1436 | D:2      | Reached XP level 4. HP: 24/24 MP: 5/9
  2362 | D:3      | Noticed Terence
  2457 | D:3      | Found a shimmering altar of Xom.
  2483 | D:3      | Gained mutation: You can fly. [Tengu growth]
  2483 | D:3      | Reached XP level 5. HP: 28/28 MP: 0/10
  2597 | D:3      | Reached skill level 1 in Maces & Flails
  2661 | D:3      | Reached skill level 6 in Air Magic
  2661 | D:3      | Reached XP level 6. HP: 32/33 MP: 6/12
  2907 | D:3      | Noticed Robin
  2972 | D:3      | Killed Robin
  3205 | D:3      | Gained mutation: You occasionally shout uncontrollably at your foes. [potion of mutation]
  3205 | D:3      | Gained mutation: You are partially covered in slimy green scales. (AC +2) [potion of mutation]
  3206 | D:3      | Lost mutation: You occasionally shout uncontrollably at your foes. [potion of mutation]
  3206 | D:3      | Lost mutation: You are partially covered in slimy green scales. (AC +2) [potion of mutation]
  3206 | D:3      | Gained mutation: Scrolls take you a little longer to read. [potion of mutation]
  3206 | D:3      | Gained mutation: Your body sometimes deteriorates upon taking damage. [potion of mutation]
  3206 | D:3      | Gained mutation: You are agile. (Dex +2) [potion of mutation]
  3207 | D:3      | Lost mutation: Your body sometimes deteriorates upon taking damage. [potion of mutation]
  3207 | D:3      | Lost mutation: Scrolls take you a little longer to read. [potion of mutation]
  3207 | D:3      | Gained mutation: You expend magic power (3 MP) to strengthen your wands. [potion of mutation]
  3207 | D:3      | Gained mutation: Your flesh is cold resistant. (rC+) [potion of mutation]
  3349 | D:3      | Found a shadowy altar of Dithmenos.
  3349 | D:3      | Noticed Jessica
  3356 | D:3      | Killed Jessica
  3426 | D:3      | Noticed Natasha
  3431 | D:3      | Killed Natasha
  3694 | D:3      | Noticed Natasha
  3700 | D:3      | Killed Natasha
  3703 | D:3      | Noticed Natasha
  3711 | D:3      | Killed Natasha
  3711 | D:3      | Reached XP level 7. HP: 31/37 MP: 5/14
  3907 | D:3      | Killed Terence
  4046 | D:4      | Found a blossoming altar of Fedhas.
  4635 | D:4      | Reached skill level 7 in Air Magic
  4672 | D:4      | Learned a level 4 spell: Airstrike
  4997 | D:4      | Reached skill level 5 in Spellcasting
  5045 | D:4      | Noticed anet's ghost (amateur DEWz)
  5062 | D:5      | Entered Level 5 of the Dungeon
  5170 | D:5      | Found a glowing drain.
  5181 | D:5      | Reached XP level 8. HP: 42/42 MP: 7/16
  5194 | Sewer    | Entered a sewer
  5280 | Sewer    | Reached skill level 1 in Fighting
  5652 | D:5      | Found a sand-covered staircase.
  5658 | Ossuary  | Entered an ossuary
  7044 | D:5      | Reached skill level 8 in Air Magic
  7062 | D:5      | Reached skill level 5 in Conjurations
  7223 | D:4      | Killed anet's ghost
  7223 | D:4      | Reached XP level 9. HP: 42/47 MP: 6/19
  7878 | D:6      | Reached skill level 9 in Air Magic
  7879 | D:6      | Noticed anet's ghost (novice DEWz)
  8364 | D:6      | Noticed Duvessa
  8365 | D:6      | Noticed Dowan
  8390 | D:6      | Killed Duvessa
  8601 | D:6      | Found Diwuxt's Assorted Antiques.
  8607 | D:6      | Bought a blue potion for 18 gold pieces
  8607 | D:6      | Bought a scroll labeled ZECIYXTO UBOX for 21 gold pieces
  8607 | D:6      | Bought a scratched steel ring for 105 gold pieces
  8672 | D:6      | Killed anet's ghost
  8959 | D:7      | Found a staircase to the Ecumenical Temple.
  8965 | Temple   | Entered the Ecumenical Temple
  9158 | Temple   | Became a worshipper of Ashenzari the Shackled
  9244 | D:7      | Reached skill level 10 in Air Magic
  9493 | D:6      | Bought a scroll of remove curse for 63 gold pieces
 10910 | D:7      | Reached skill level 11 in Air Magic
 10910 | D:7      | Reached XP level 10. HP: 53/53 MP: 13/22
 11306 | D:8      | Found a radiant altar of Vehumet.
 11312 | D:8      | Reached * piety under Ashenzari
 11324 | D:8      | Found a staircase to the Lair.
 12065 | Lair:1   | Entered Level 1 of the Lair of Beasts
 12207 | Lair:1   | Noticed an eight-headed hydra
 12233 | Lair:1   | Slain by an eight-headed hydra

Vault maps used:
D:1:      dpeg_arrival_snail
D:2:      minmay_door_path
D:3:      led_xom_imps, nicolae_dithmenos_shadow_blocks, uniq_natasha,
          uniq_robin, uniq_terence, uniq_jessica
D:4:      first_bread, serial_glass, glass_columns_b, glass_columns_a,
          fedhas_bush_and_centaur_altar
D:5:      enter_ossuary_3, portal_sewer_entry_e
D:6:      serial_shops, nicolae_shop_temple_entry_statues_fountains,
          kennysheep_generic_room_8, uniq_duvessa
D:7:      minmay_temple_entry_hall
D:8:      lair_entry_dummy, basic_altar
Temple:   minmay_crystal_snake_temple
Lair:1:   uniq_sonja
Sewer:    sewer_sea
Ossuary:  ossuary_crypta

Skill      XL: |  1  2  3  4  5  6  7  8  9 10 |
---------------+-------------------------------+-----
Air Magic      | 5 6 7 8 11 | 11.6
Conjurations   | 2 3 4 5 6 |  6.3
Spellcasting   | 3 4 5 6 7 8 |  8.1
Maces & Flails | 1 3 4 |  4.1
Dodging        | 3 4 |  4.0
Fighting       | 1 2 |  2.0
Stealth        | 3 |  3.7

Action                   |  1- 3 |  4- 6 |  7- 9 | 10-12 || total
-------------------------+-------+-------+-------+-------++-------
Melee: Mace              |    19 |    16 |   168 |    25 ||   228
       Kick              |     5 |     5 |    48 |    10 ||    68
       Peck              |     1 |     1 |    23 |     2 ||    27
 Cast: Shock             |    58 |   111 |   203 |    42 ||   414
       Airstrike         |       |       |    76 |    19 ||    95
       Static Discharge  |       |       |     6 |       ||     6
Invok: Curse Item        |       |       |     4 |       ||     4
 Abil: Fly               |       |       |    25 |     6 ||    31
Evoke: Wand              |       |       |       |     1 ||     1
  Use: Scroll            |     2 |     2 |     9 |       ||    13
       Potion            |       |     3 |     5 |       ||     8
 Stab: Sleeping          |     1 |       |     5 |     1 ||     7
       Distracted        |       |       |     1 |       ||     1
  Eat: Chunk             |     2 |     6 |    22 |     3 ||    33
       Royal jelly       |       |       |     3 |       ||     3
       Bread ration      |       |       |     1 |     1 ||     2
       Meat ration       |       |       |     1 |       ||     1
Armor: Robe              |       |     5 |    37 |    13 ||    55
Dodge: Dodged            |    22 |    21 |   129 |    20 ||   192
Block: Buckler           |       |       |     2 |     3 ||     5
